 Dungeon Crawl Stone Soup version 0.30-a0-135-g630cfc4551 (webtiles) character file.

Game seed: 6895255239885976858

28994 funkygono the Thaumaturge (level 13, -9/81 HPs)
             Began as a Demonspawn Fire Elementalist on Sept 19, 2022.
             Was a High Priest of Vehumet.
             Mangled by a reaper
             ... wielding a +3 scythe of freezing
              (11 damage)
             ... in an ice cave on Sept 20, 2022.
             The game lasted 00:36:51 (19907 turns).

funkygono the Thaumaturge (DsFE)                   Turns: 19907, Time: 00:36:52

Health: -9/81      AC: 31    Str:  9    XL:     13   Next: 12%
Magic:  31/39      EV: 11    Int: 21    God:    Vehumet [*****.]
Gold:   1211       SH:  0    Dex: 14    Spells: 17/38 levels left

rFire   + . .      SeeInvis .    w - staff of fire
rCold   . . .      Faith    .    (no shield)
rNeg    . . .      Spirit   .    t - +5 swamp dragon scales
rPois   +          Reflect  .    O - +2 helmet
rElec   .          Harm     .    x - +2 cloak
rCorr   +          Rampage  .    u - +2 pair of gloves
Will    .....                    (no boots)
Stlth   +.........               (no amulet)
HPRegen 0.23/turn                j - +4 ring of protection
MPRegen 0.26/turn                s - ring of magical power

@: no status effects
A: hooves 1, yellow scales 3, demonic guardian 3, foul stench 2, corrupting
presence 1
a: Renounce Religion


You were in an ice cave.
You worshipped Vehumet.
Vehumet was extremely pleased with you.
You visited 3 branches of the dungeon, and saw 16 of its levels.
You also visited: Sewer, Ossuary and Ice Cave.

You collected 1211 gold pieces.

Inventory:

Hand Weapons
 y - a +4 whip
 G - a +0 quarterstaff
Missiles
 l - 2 throwing nets
Armour
 t - +5 swamp dragon scales (worn)
 u - a +2 pair of gloves (worn)
 x - a +2 cloak (worn)
 O - a +2 helmet (worn)
 R - a +4 scale mail of willpower
Magical Staves
 v - a staff of death
 w - a staff of fire (weapon)
Jewellery
 j - a +4 ring of protection (left hand)
 s - a ring of magical power (right hand)
 M - a ring of fire
 P - an amulet of faith
 S - a ring of see invisible
 T - an amulet of guardian spirit
Wands
 o - a wand of digging (7)
 B - a wand of roots (17)
 D - a wand of flame (30)
 J - a wand of paralysis (8)
Scrolls
 a - a scroll of acquirement {unknown}
 c - a scroll of amnesia
 d - 2 scrolls of blinking
 g - 3 scrolls of fear
 k - 7 scrolls of enchant weapon
 n - 6 scrolls of teleportation
 p - a scroll of poison
 E - a scroll of butterflies
Potions
 b - 3 potions of magic
 e - 9 potions of curing
 f - a potion of resistance
 h - 5 potions of mutation
 i - a potion of invisibility {unknown}
 m - 10 potions of heal wounds
 r - 4 potions of flight
 z - 2 potions of attraction
 A - a potion of haste {unknown}
 F - a potion of might {unknown}
 I - 2 potions of cancellation {unknown}
 L - a potion of brilliance {unknown}
 N - a potion of berserk rage {unknown}


   Skills:
 + Level 1.1 Fighting
 + Level 0.2 Short Blades
 + Level 1.4 Staves
 + Level 4.4 Armour
 + Level 4.4 Dodging
 - Level 1.7 Stealth
 + Level 13.0 Spellcasting
 + Level 8.7 Conjurations
 + Level 0.1 Translocations
 + Level 2.6 Transmutations
 + Level 10.5 Fire Magic
 + Level 1.0 Air Magic
 + Level 4.6 Earth Magic
 + Level 5.4 Poison Magic


You had 17 spell levels left.
You knew the following spells:

 Your Spells              Type           Power      Damage    Failure   Level
a - Foxfire               Conj/Fire      100%       2x1d9     1%          1
b - Scorch                Fire           100%       2d10      1%          2
c - Kindle Blastsparks    Fire/Tloc/Air  90%        2d17      2%          3
d - Flame Wave            Conj/Fire      69%        2d16      1%          4
e - Sting                 Tmut/Pois      100%       1d8       2%          1
f - Olgreb's Toxic Radia  Pois           36%        N/A       3%          4
g - Stone Arrow           Conj/Erth      82%        3d12      1%          3
h - Ignite Poison         Fire/Tmut/Pois 56%        N/A       1%          3

Your spell library contained the following spells:

 Spells                   Type           Power      Damage    Failure   Level
 Yara's Violent Unravell  Hex/Tmut       9%         3d6       43%         5
 Poisonous Vapours        Pois/Air       54%        N/A       1%          2
 Inner Flame              Hex/Fire       52%        N/A       1%          3
 Fulminant Prism          Conj/Hex       16%        3d11      5%          4
 Iskenderun's Mystic Bla  Conj/Tloc      32%        2d8       5%          4
 Spider Form              Tmut/Pois      30%        N/A       7%          3
 Lee's Rapid Deconstruct  Erth           16%        3d11*     13%         5
 Ensorcelled Hibernation  Hex/Ice        26%        N/A       19%         2
 Summon Lightning Spire   Summ/Air       15%        N/A       67%         4
 Anguish                  Hex/Necr       6%         N/A       75%         4
 Storm Form               Tmut/Air       10%        N/A       100%        7
 Maxwell's Capacitive Co  Air            8%         ∞         100%        8


Dungeon Overview and Level Annotations

Branches:
Dungeon (12/15)            Temple (1/1) D:5            Lair (3/5) D:8
 Shoals (0/4) Lair:2          Orc (0/2) D:9           Sewer (visited)
Ossuary (visited)           IceCv (1/1)
  Snake: Lair:2-3    Spider: Lair:2-3

Altars:
Ashenzari
Cheibriados
Dithmenos
Fedhas
Gozag
Hepliaklqana
Kikubaaqudgha
Makhleb
Nemelex Xobeh
Okawaru
Qazlal
Ru
Sif Muna
Trog
Uskayaw
Vehumet
Wu Jian
Xom
Yredelemnul

Shops:
D:10 (

Annotations:
D:12 2 transporters, Cahirphut's ghost, journeyman HOFi
Lair:1 2 transporters, Roaleyf's ghost, journeyman DsDe


Innate Abilities, Weirdness & Mutations

You have large cloven feet.
You are completely covered in yellow scales. (AC +4, rCorr)
A powerful demonic guardian rushes to your aid.
You sometimes emit foul miasma when damaged in melee.
Your presence sometimes corrodes those you injure.


Message History

Vehumet accepts your kill.
You feel your power returning.
You hear a sizzling sound!
The reaper hits you with a +3 scythe of freezing!
The reaper freezes you.
A wave of flame ripples out!
The flame wave engulfs the reaper.
The reaper is moderately wounded.
The flame wave engulfs the dire elephant simulacrum!!
The dire elephant simulacrum melts!
The dire elephant simulacrum vaporises!
Vehumet accepts your kill.
The flame wave engulfs the death yak simulacrum!!
The death yak simulacrum melts!
The death yak simulacrum vaporises!
Vehumet accepts your kill.
You hear a sizzling sound!
You finish channelling waves of flame.
The reaper hits you with a +3 scythe of freezing!!
The reaper freezes you.
* * * LOW HITPOINT WARNING * * *
You emit a cloud of foul miasma!
Your Spellcasting skill increases to level 13!
Unknown command.
Casting: Flame Wave (mildly dangerous; 1% risk of failure)
Confirm with . or Enter, or press ? or * to list all spells.
Aiming: Stone Arrow (safe; 1% risk of failure)
Press: ? - help, Shift-Dir - straight line, f - reaper
Aim: a reaper, wielding a +3 scythe of freezing (foul pestilence, moderately wounded, 76% to hit)
The stone arrow misses the reaper.
The reaper hits you but does no damage.
Unknown command.
Casting: Stone Arrow (safe; 1% risk of failure)
Confirm with . or Enter, or press ? or * to list all spells.
Aiming: Stone Arrow (safe; 1% risk of failure)
Press: ? - help, Shift-Dir - straight line, f/p - reaper
Aim: a reaper, wielding a +3 scythe of freezing (foul pestilence, moderately wounded, 76% to hit)
The stone arrow misses the reaper.
The reaper hits you with a +3 scythe of freezing!!
* * * LOW HITPOINT WARNING * * *
A demonic guardian appears!
The reaper freezes you!
You die...

≈≈ ##...#### ##
###....#######
###...#....# # ###
###....##. #≈
##.###### ########
#.##.#.#..[## ###.
#..###..⌠..# ##...
###.2##...######....
#.°@##..#####.....##
#..2###..####.....##
#.... ##...#....###
##... ###...####
###. ##### $. :# #


You could see a reaper (ally target) and a friendly balrug (summoned).

Vanquished Creatures
  Harold (D:10)
  A hydra (Lair:2)
  Erica (D:8)
  2 boulder beetles
  A lindwurm (Lair:2)
  An ugly thing (D:11)
  A manticore (D:12)
  2 cyclopes
  An ice statue (IceCv)
  4 elephants (Lair:2)
  3 black mambas
  Maggie (D:6)
  5 cane toads (Lair:2)
  Psyche (D:9)
  2 kobold demonologists
  4 komodo dragons
  An unseen horror (D:10)
  A freezing wraith (IceCv)
  An anaconda simulacrum (IceCv)
  A polar bear (Lair:2)
  5 trolls
  A snapping turtle (Lair:2)
  2 shadows
  3 wyverns
  2 vampires
  2 wraiths
  2 dire elephant simulacra (IceCv)
  22 yaks
  5 basilisks
  3 death yak simulacra (IceCv)
  4 steam dragons
  7 water moccasins
  A hydra simulacrum (IceCv)
  A black bear (D:4)
  6 orc warriors
  A sky beast (D:7)
  3 ice beasts
  15 wolves
  2 ogres
  6 centaurs
  2 kobold brigands
  A gnoll sergeant (D:7)
  8 bullfrogs
  A cane toad simulacrum (IceCv)
  3 necrophages
  5 scorpions
  3 water moccasin zombies (Ossuary)
  7 two-headed ogre simulacra (IceCv)
  6 wights
  9 killer bees
  2 howler monkeys (D:9)
  5 electric eels (D:8)
  2 quasits (D:3)
  A gnoll bouda (D:3)
  6 hounds
  9 orc priests
  4 iguanas
  16 orc wizards
  7 spriggan simulacra (IceCv)
  A polar bear simulacrum (IceCv)
  2 troll simulacra (IceCv)
  3 wolf simulacra (IceCv)
  2 mummies (Ossuary)
  18 gnolls
  17 adders
  3 naga simulacra (IceCv)
  A river rat (D:3)
  3 shadow imps (D:4)
  7 white imps
  10 ufetubi
  5 adder zombies (Ossuary)
  2 worms
  A dart slug (D:4)
  52 orcs
  6 endoplasms
  12 giant cockroaches
  8 goblins
  5 hobgoblins
  4 jackals (D:1)
  9 quokkas
  7 ball pythons
  5 bats
  11 frilled lizards
  6 gnoll zombies (Ossuary)
  3 hobgoblin zombies (Ossuary)
  11 kobolds
  4 kobold zombies (Ossuary)
  5 orc zombies (Ossuary)
  11 rats
  A spectral hobgoblin (D:1)
  A butterfly (Lair:1)
461 creatures vanquished.

Vanquished Creatures (collateral kills)
  A two-headed ogre (D:11)
  A gargoyle (D:11)
  A gnoll sergeant (D:11)
  A two-headed ogre simulacrum (IceCv)
  A spriggan simulacrum (IceCv)
  A troll simulacrum (IceCv)
  A naga simulacrum (IceCv)
  A kobold (D:1)
  11 foxfires (D:5)
19 creatures vanquished.

Vanquished Creatures (others)
  3 demonic plants (D:4)
  810 foxfires
  3 fungi
  34 plants
850 creatures vanquished.

Grand Total: 1330 creatures vanquished

Notes
Turn   | Place    | Note
-------+----------+-------------------------------------------
     0 | D:1      | funkygono the Demonspawn Fire Elementalist began the quest
                  | for the Orb.
     0 | D:1      | Reached XP level 1. HP: 13/13 MP: 3/3
    80 | D:1      | Found a faded altar of an unknown god.
   266 | D:1      | Gained mutation: A weak demonic guardian rushes to your
                  | aid. [demonic ancestry]
   266 | D:1      | Reached XP level 2. HP: 19/19 MP: 1/5
  1359 | D:1      | Learned a level 2 spell: Scorch
  1436 | D:1      | Gained mutation: You are partially covered in yellow
                  | scales. (AC +2) [demonic ancestry]
  1436 | D:1      | Reached XP level 3. HP: 24/24 MP: 3/6
  1737 | D:2      | Learned a level 3 spell: Kindle Blastsparks
  2127 | D:2      | Gained mutation: You have large cloven feet. [demonic
                  | ancestry]
  2127 | D:2      | Reached XP level 4. HP: 14/30 MP: 4/8
  2665 | D:3      | Reached skill level 3 in Spellcasting
  2766 | D:3      | Found a glowing drain.
  2837 | Sewer    | Entered a sewer
  3118 | Sewer    | Gained mutation: A demonic guardian rushes to your aid.
                  | [demonic ancestry]
  3118 | Sewer    | Reached XP level 5. HP: 35/35 MP: 5/9
  3477 | Sewer    | Reached skill level 4 in Spellcasting
  3477 | Sewer    | Reached XP level 6. HP: 41/41 MP: 3/12
  4294 | D:3      | Learned a level 4 spell: Flame Wave
  4331 | D:3      | Found a blossoming altar of Fedhas.
  5552 | D:3      | Gained mutation: A powerful demonic guardian rushes to your
                  | aid. [demonic ancestry]
  5552 | D:3      | Reached XP level 7. HP: 44/46 MP: 14/14
  5638 | D:4      | Reached skill level 5 in Spellcasting
  5746 | D:4      | Found a stormy altar of Qazlal.
  5802 | D:4      | Found a snail-covered altar of Cheibriados.
  6013 | D:4      | Identified the +1 robe of Hadjma {rCorr}
  6047 | D:4      | Found a hazy altar of Hepliaklqana.
  6069 | D:4      | Reached skill level 5 in Fire Magic
  6397 | D:5      | Entered Level 5 of the Dungeon
  6555 | D:5      | Gained mutation: You may rarely emit foul miasma when
                  | damaged in melee. [demonic ancestry]
  6555 | D:5      | Reached XP level 8. HP: 53/53 MP: 16/16
  6727 | D:5      | Identified the +1 chain mail of the Other Side {Rampage rN+
                  | Int-4}
  6850 | D:5      | Reached skill level 6 in Spellcasting
  7048 | D:5      | Found a staircase to the Ecumenical Temple.
  7213 | Temple   | Entered the Ecumenical Temple
  7252 | Temple   | Became a worshipper of Vehumet
  7830 | D:5      | Upgraded the game from 0.30-a0-134-gb40fab5c76 to
                  | 0.30-a0-135-g630cfc4551
  8087 | D:6      | Noticed Maggie
  8098 | D:6      | Killed Maggie
  8255 | D:6      | Reached skill level 7 in Spellcasting
  8496 | D:6      | Gained mutation: You are mostly covered in yellow scales.
                  | (AC +3) [demonic ancestry]
  8496 | D:6      | Reached XP level 9. HP: 42/58 MP: 19/19
  8975 | D:7      | Reached skill level 5 in Conjurations
  9113 | D:7      | Found a shimmering blue altar of Sif Muna.
  9113 | D:7      | Found a sacrificial altar of Ru.
  9220 | D:7      | Reached * piety under Vehumet
  9220 | D:7      | Offered knowledge of Freeze by Vehumet.
  9564 | D:7      | Identified the +2 ring mail of Joy {Str+2}
  9858 | D:8      | Reached skill level 1 in Staves
  9864 | D:8      | Found a sand-covered staircase.
  9869 | Ossuary  | Entered an ossuary
  9940 | Ossuary  | Reached skill level 8 in Spellcasting
 10068 | Ossuary  | Reached ** piety under Vehumet
 10068 | Ossuary  | Offered knowledge of Poisonous Vapours by Vehumet.
 10193 | D:8      | Reached skill level 1 in Armour
 10197 | D:8      | Gained mutation: You sometimes emit foul miasma when
                  | damaged in melee. [demonic ancestry]
 10197 | D:8      | Reached XP level 10. HP: 29/64 MP: 7/22
 10411 | D:8      | Noticed Erica
 10418 | D:8      | Killed Erica
 10419 | D:8      | Reached skill level 9 in Spellcasting
 10599 | D:8      | Offered knowledge of Frozen Ramparts by Vehumet.
 10883 | D:8      | Found a staircase to the Lair.
 10950 | D:8      | Found a basalt altar of Yredelemnul.
 11254 | D:8      | Learned a level 1 spell: Sting
 11259 | D:8      | Learned a level 4 spell: Olgreb's Toxic Radiance
 11406 | D:9      | Reached *** piety under Vehumet
 11620 | D:9      | Offered knowledge of Stone Arrow by Vehumet.
 11808 | D:9      | Learned a level 3 spell: Stone Arrow
 11808 | D:9      | Found a staircase to the Orcish Mines.
 11958 | D:9      | Found a burning altar of Makhleb.
 12032 | D:9      | Noticed Psyche
 12036 | D:9      | Killed Psyche
 12037 | D:9      | Reached skill level 1 in Poison Magic
 12239 | D:10     | Entered Level 10 of the Dungeon
 12290 | D:10     | Reached **** piety under Vehumet
 12339 | D:10     | Reached skill level 1 in Fighting
 12339 | D:10     | Reached skill level 10 in Spellcasting
 12402 | D:10     | Reached skill level 1 in Transmutations
 12496 | D:10     | Found Ofysk's Weapon Boutique.
 12531 | D:10     | Gained mutation: You are completely covered in yellow
                  | scales. (AC +4, rCorr) [demonic ancestry]
 12531 | D:10     | Reached XP level 11. HP: 70/70 MP: 17/25
 12720 | D:10     | Reached skill level 1 in Earth Magic
 12899 | D:10     | Found a shimmering altar of Xom.
 12933 | D:10     | Noticed Harold
 12951 | D:10     | Killed Harold
 13481 | D:11     | Offered knowledge of Ignite Poison by Vehumet.
 13812 | D:11     | Noticed a green ugly thing
 13819 | D:11     | Killed a green ugly thing
 13924 | D:11     | Noticed a two-headed ogre
 13936 | D:11     | Killed a two-headed ogre
 14305 | D:11     | Reached skill level 11 in Spellcasting
 14305 | D:11     | Reached skill level 1 in Air Magic
 15088 | D:11     | Learned a level 3 spell: Ignite Poison
 15132 | D:12     | Noticed a wizard
 15135 | D:12     | Noticed a rakshasa
 15135 | D:12     | Noticed Cahirphut's ghost (journeyman HOFi)
 15208 | D:12     | Noticed a brown very ugly thing
 15228 | D:12     | Noticed a skeletal warrior
 15315 | D:12     | Found a transporter.
 15323 | D:12     | Found a transporter.
 15389 | D:12     | Reached skill level 10 in Fire Magic
 15460 | D:12     | Gained mutation: Your presence sometimes corrodes those you
                  | injure. [demonic ancestry]
 15460 | D:12     | Reached XP level 12. HP: 76/76 MP: 22/27
 16326 | Lair:1   | Entered Level 1 of the Lair of Beasts
 16426 | Lair:1   | Noticed Roaleyf's ghost (journeyman DsDe)
 16428 | Lair:1   | Found a transporter.
 16441 | Lair:1   | Found a transporter.
 16549 | Lair:1   | Reached ***** piety under Vehumet
 16549 | Lair:1   | Offered knowledge of Sticky Flame by Vehumet.
 16759 | Lair:1   | Noticed a boulder beetle
 16762 | Lair:1   | Killed a boulder beetle
 17218 | Lair:2   | Reached skill level 12 in Spellcasting
 17444 | Lair:2   | Noticed a five-headed hydra
 17449 | Lair:2   | Killed a five-headed hydra
 17855 | Lair:2   | Reached skill level 5 in Poison Magic
 18205 | Lair:2   | Found a staircase to the Shoals.
 18545 | Lair:3   | Noticed a boulder beetle
 18550 | Lair:3   | Killed a boulder beetle
 18756 | Lair:3   | Found a frozen archway.
 18787 | IceCv    | Entered an ice cave
 18959 | IceCv    | Reached XP level 13. HP: 81/81 MP: 29/29
 19860 | IceCv    | Offered knowledge of Yara's Violent Unravelling by Vehumet.
 19900 | IceCv    | Noticed a reaper
 19906 | IceCv    | Reached skill level 13 in Spellcasting
 19907 | IceCv    | HP: 2/81 [reaper/+3 scythe of freezing (22)]
 19907 | IceCv    | Mangled by a reaper

Illustrated notes

Levels and vault maps discovered:
D:1:      psy_arrival_spokes, layout_basic,
          dreamdust_ecumenical_altar_drowned_temple, roderic_roman_lattice,
          kennysheep_pointless_box
D:2:      layout_rooms, kennysheep_generic_room_8
D:3:      layout_basic, fedhas_altar_4, cheibrodos_sewer_entry_sluice,
          minmay_goblin_outpost
D:4:      minmay_wonky_spiral, layout_rooms, mainiacjoe_overflow_brackets,
          mainiacjoe_overflow_large_starburst, serial_demonic, serial_demonic_d,
          serial_demonic_c, serial_demonic_e, serial_demonic_a
D:5:      layout_loops_corners, minmay_temple_entry_mini_moons, serial_bayou,
          serial_bayou_pond_b, serial_bayou_lake_a, serial_bayou_pond_a,
          serial_bayou_ford_a
D:6:      layout_basic, uniq_maggie
D:7:      layout_gridville, grunt_temple_overflow_open,
          mainiacjoe_overflow_boulevard, glass_columns_a
D:8:      layout_cave_pools, marbit_many_paths, erik_lair_island,
          nicolae_ossuary_entry_ruins, minmay_diced_spiral, uniq_erica
D:9:      layout_cave_pools, makhleb_altar_promises_db, hiddenorc2_lemuel,
          uniq_psyche
D:10:     layout_irregular_city, mainiacjoe_overflow_concentric_impassable,
          serial_shops, kennysheep_little_box, uniq_harold
D:11:     layout_loops_ring, amcnicky_mini_pool_small, chequers_garden
D:12:     layout_roguey, gammafunk_ghost_abyssal_escape
Temple:   hellmonk_temple_flake
Lair:1:   layout_roguey, gammafunk_ghost_arena, infiniplex_staircase_pool_2,
          lemuel_fruit_fields
Lair:2:   layout_gridlike, minmay_shoals_entry_hut
Lair:3:   layout_chaotic_city, guppyfry_snake_entry_island,
          portal_ice_cave_entry_pillars_2, nicolae_lair_grazing_beasts
          [nicolae_sub_lair_graze_edge, nicolae_sub_lair_graze_edge,
          nicolae_sub_lair_graze_edge, nicolae_sub_lair_graze_edge],
          uniq_nergalle
IceCv:    ice_cave_caverns_01

Skill      XL: |  1  2  3  4  5  6  7  8  9 10 11 12 13 |
---------------+----------------------------------------+-----
Fire Magic     | 3 4 5 7 8 9 10 | 10.5
Dodging        | 2 3 4 |  4.4
Conjurations   | 2 3 4 5 6 7 8 |  8.7
Spellcasting   | 3 4 5 7 8 10 11 12 13 | 13.0
Staves         | 1 |  1.4
Armour         | 1 2 3 4 |  4.4
Poison Magic   | 1 3 5 |  5.4
Fighting       | 1 |  1.1
Transmutations | 1 2 |  2.6
Earth Magic    | 3 4 |  4.6
Air Magic      | 1 |  1.0
Short Blades   | |  0.2
Stealth        | |  1.7
Translocations | |  0.1

Action                   |  1- 3 |  4- 6 |  7- 9 | 10-12 | 13-15 || total
-------------------------+-------+-------+-------+-------+-------++-------
Melee: Dagger            |    39 |    10 |       |       |       ||    49
       Punch             |     1 |       |       |     1 |       ||     2
       Kick              |       |     3 |     6 |    13 |       ||    22
       Staff             |       |       |    17 |    44 |     2 ||    63
 Cast: Foxfire           |    62 |    99 |   149 |   147 |    26 ||   483
       Scorch            |     2 |    22 |    49 |    45 |     6 ||   124
       Flame Wave        |       |       |    16 |    14 |     5 ||    35
       Sting             |       |       |       |    24 |       ||    24
       Stone Arrow       |       |       |       |   188 |    17 ||   205
       Olgreb's Toxic Ra |       |       |       |    30 |       ||    30
       Ignite Poison     |       |       |       |    23 |       ||    23
       Kindle Blastspark |       |       |       |     2 |     1 ||     3
  Use: Scroll            |       |       |    21 |     8 |       ||    29
       Potion            |       |       |       |     1 |       ||     1
Armor: Robe              |    23 |    27 |    21 |       |       ||    71
       Swamp dragon scal |       |       |    29 |   109 |    22 ||   160
       Steam dragon scal |       |       |     4 |       |       ||     4
Dodge: Dodged            |    44 |    29 |    58 |    69 |     9 ||   209

Table legend: (Time is in decaauts)
 A = Elapsed time spent in this place.
 B = Non-inter-level travel time spent in this place.
 C = Inter-level travel time spent in this place.
 D = Time resting spent in this place.
 E = Time spent auto-exploring this place.
 F = Levels seen in this place.
 G = Mean time per level.
                   A        B        C        D        E       F      G
               +--------+--------+--------+--------+--------+-----+--------+
         Total |  20077 |  19653 |    424 |   1522 |  15297 |  19 | 1056.7 |
       Dungeon |  14978 |  14589 |    389 |   1319 |  11138 |  12 | 1248.2 |
        Temple |    173 |    163 |     10 |      0 |    146 |   1 |  173.0 |
          Lair |   2473 |   2449 |     24 |    203 |   1939 |   3 |  824.3 |
         Sewer |   1041 |   1041 |      0 |      0 |    889 |   1 | 1041.0 |
       Ossuary |    291 |    291 |      0 |      0 |    236 |   1 |  291.0 |
      Ice Cave |   1120 |   1120 |      0 |      0 |    947 |   1 | 1120.0 |
               +--------+--------+--------+--------+--------+-----+--------+

Top non-repeatable levels by time:
     D:3: 1889 daAuts
     D:1: 1638 daAuts
    D:11: 1556 daAuts
  Lair:2: 1352 daAuts
     D:5: 1322 daAuts
    D:12: 1254 daAuts
    D:10: 1236 daAuts
     D:4: 1132 daAuts
   IceCv: 1120 daAuts
     D:6: 1094 daAuts
     D:7: 1063 daAuts
   Sewer: 1041 daAuts
     D:8: 1034 daAuts
     D:9: 964 daAuts
  Lair:1: 814 daAuts
